 Dungeon Crawl Stone Soup version 0.31.0 (webtiles) character file.

Game seed: 4487628440153912387

92 qw the Shooter (level 4, -4/28 HPs)
             Began as a Gargoyle Hunter on Jan 19, 2024.
             Incinerated by a bombardier beetle (6 damage)
             ... with a burning spray
             ... on level 3 of the Dungeon.
             The game lasted 00:00:08 (2157 turns).

qw the Shooter (Gargoyle Hunter)                    Turns: 2157, Time: 00:00:08

Health: -4/28      AC:  9    Str: 15    XL:     4   Next: 60%
Magic:  4/4        EV: 11    Int:  9    God:
Gold:   120        SH:  0    Dex: 15    Spells: 3/3 levels left

rFire   . . .        a - +0 shortbow
rCold   . . .        (shield currently unavailable)
rNeg    + . .        d - +0 ring mail
rPois   inf          (no helmet)
rElec   +            (no cloak)
rCorr   .            (no gloves)
SInv    .            h - +0 pair of boots
Will    .....        i - amulet of faith
Stlth   +            (no ring)
HPRegen 0.24/turn    (no ring)
MPRegen 0.09/turn

%: faith
@: on fire, glowing
A: sickness immunity, AC +3, negative energy resistance 1, electricity
resistance, torment resistance 1, petrification resistance
a: no special abilities


You were on level 3 of the Dungeon.
You visited 1 branch of the dungeon, and saw 3 of its levels.

You collected 120 gold pieces.


Innate Abilities, Weirdness & Mutations

You are immune to sickness and miasma.
Your stone body is resilient. (AC +3)
You are immune to poison.
You resist negative energy. (rN+)
You are resistant to electric shocks. (rElec)
You are resistant to unholy torment.
You are immune to petrification.


   Skills:
 - Level 3.2 Fighting
 + Level 5.3 Ranged Weapons
 - Level 1.0 Armour
 - Level 1.5 Dodging
 - Level 1.1 Stealth


You had 3 spell levels left.
You didn't know any spells.
Your spell library was empty.

Inventory:

Hand Weapons
 a - a +0 shortbow (weapon)
Armour
 d - a +0 ring mail (worn)
 h - a +0 pair of boots (worn)
Jewellery
 e - a ring of fire
 i - an amulet of faith (around neck)
Scrolls
 b - a scroll of vulnerability {unknown}
 c - a scroll of acquirement {unknown}
Potions
 f - a potion of cancellation
 g - a potion of ambrosia {unknown}

Dungeon Overview and Level Annotations

Branches:
Dungeon (3/15)

Altars:
Trog

Shops:
D:2 [


Message History

You hear a shout!
You shoot an arrow. The arrow hits the orc.
The orc is moderately wounded.
You hear a shout! x2
The orc closely misses you.
You hear a shout!
You shoot an arrow. The arrow barely misses the orc.
The orc hits you from afar with a +0 trident.
You shoot an arrow. The arrow hits the orc.
The orc is heavily wounded.
The orc hits you from afar with a +0 trident.
You shoot an arrow. The arrow hits the orc.
The orc is almost dead.
The orc closely misses you.
You shoot an arrow. The arrow closely misses the orc.
The orc hits you but does no damage. The orc barely misses you.
You shoot an arrow.
The arrow hits the bombardier beetle but does no damage.
The bombardier beetle is moderately wounded.
The orc barely misses you.
You shoot an arrow.
The arrow barely misses the bombardier beetle.
The orc closely misses you.
The bombardier beetle sprays incendiary fluid at you.
The burning spray hits you.
You are covered in liquid fire!
The orc hits you with a +0 heavy war axe!
You shoot an arrow.
The arrow hits the bombardier beetle but does no damage.
The bombardier beetle is moderately wounded.
The liquid fire burns you!
The orc hits you from afar with a +0 trident.
The orc closely misses you.
The bombardier beetle sprays incendiary fluid at you.
The burning spray hits you.
You are even more covered in liquid fire!
You shoot an arrow. The arrow hits the bombardier beetle.
The bombardier beetle is severely wounded.
The liquid fire burns you!
You die...

## ##### # .. #######
. .. ##.._..## #.#.
#.~...~.# #.#.
#(~~(~~.# #...
#.(~.~..##
#..B#########.~(~.##.
#..o@.....#.###.###..
#.o######.#.###(##...
#. #.#...(....## #
#.#####..#.##
#........#.[.
########.####.
..............
########(#####
#........(....


You could see a bombardier beetle and 2 orcs.

Vanquished Creatures
  Natasha (D:2)
  An adder (D:2)
  A dart slug (D:3)
  3 ribbon worms
  4 ball pythons
  2 endoplasms
  3 giant cockroaches
  6 goblins
  5 hobgoblins
  9 kobolds
  2 quokkas (D:1)
  3 bats
  2 frilled lizards
  6 rats
48 creatures vanquished.

Notes
Turn   | Place    | Note
-------+----------+-------------------------------------------
     0 | D:1      | qw the Gargoyle Hunter began the quest for the Orb.
     0 | D:1      | Reached XP level 1. HP: 12/12 MP: 1/1
     0 | D:1      | 0 ||| qw: Version: 0.3-a-132-g3d54051
     0 | D:1      | 0 ||| qw: Game counter: 229
     0 | D:1      | 0 ||| qw: Melee chars always use a shield: true
     0 | D:1      | 0 ||| qw: God list: Okawaru
     0 | D:1      | 0 ||| qw: Allow faded altars: false
     0 | D:1      | 0 ||| qw: Do Orc after clearing Dungeon:15 true
     0 | D:1      | 0 ||| qw: Do second Lair branch before Depths: true
     0 | D:1      | 0 ||| qw: Lair rune preference: random
     0 | D:1      | 0 ||| qw: Goals: Normal
     0 | D:1      | 0 ||| PLANNING D:1-11
   256 | D:1      | Reached XP level 2. HP: 17/17 MP: 2/2
   686 | D:1      | 686 ||| DROPPING amulet of magic regeneration.
   687 | D:1      | 687 ||| UPGRADING to amulet of faith.
   692 | D:1      | 692 ||| READING scroll labelled UGOUFUISTU.
   692 | D:1      | 692 ||| IDENTIFYING puce potion
   693 | D:1      | 693 ||| READING scroll labelled JUFAQEONEO.
   698 | D:1      | 698 ||| DROPPING scroll of butterflies.
   840 | D:2      | Reached skill level 5 in Ranged Weapons
   840 | D:2      | Reached XP level 3. HP: 18/21 MP: 3/3
   840 | D:2      | 840 ||| FLEEEEING.
   900 | D:2      | Found a faded altar of an unknown god.
   990 | D:2      | Noticed Natasha
  1004 | D:2      | HP: 2/22 [Natasha (6)]
  1007 | D:2      | Killed Natasha
  1008 | D:2      | Reached skill level 3 in Fighting
  1008 | D:2      | Reached XP level 4. HP: 2/28 MP: 4/4
  1359 | D:2      | 1359 ||| FLEEEEING.
  1546 | D:2      | Found Juodeth's Antique Armour Emporium.
  1552 | D:2      | 1552 ||| SHOPLISTING cloak (135 gold, have 62).
  1552 | D:2      | 1552 ||| SHOPLISTING helmet (135 gold, have 62).
  1728 | D:2      | 1728 ||| UPGRADING to +0 ring mail.
  1738 | D:2      | 1738 ||| DROPPING +0 leather armour.
  1739 | D:2      | 1739 ||| UPGRADING to +0 pair of boots.
  1744 | D:2      | 1744 ||| READING scroll of identify.
  1744 | D:2      | 1744 ||| IDENTIFYING viscous amethyst potion
  1745 | D:2      | 1745 ||| READING scroll labelled NIETOSM REERU.
  1746 | D:2      | 1746 ||| DROPPING potion of invisibility.
  1940 | D:3      | 1940 ||| FLEEEEING.
  2061 | D:3      | 2061 ||| FLEEEEING.
  2091 | D:3      | Reached skill level 1 in Armour
  2100 | D:3      | Found a bloodstained altar of Trog.
  2156 | D:3      | HP: 6/28 [burnt (4)]
  2156 | D:3      | HP: 2/28 [orc/+0 trident (4)]
  2157 | D:3      | Incinerated by a bombardier beetle

Levels and vault maps discovered:
D:1:      amcnicky_arrival_blooded_trapdoor, layout_basic, serial_forest,
          infiniplex_forest_straight_4, infiniplex_forest_corner_1,
          infiniplex_forest_clump_double, infiniplex_forest_clump_curved,
          infiniplex_forest_lined_3, infiniplex_forest_straight_2,
          infiniplex_forest_lined_1, minmay_cut_off
D:2:      layout_loops_corners, serial_shops, nicolae_shop_real_fake_doors,
          dreamdust_ecumenical_altar_grove, uniq_natasha
D:3:      layout_basic, trog_hazing_becter, hangedman_decor_growths,
          guppyfry_early_lair_pool

Skill      XL: |  1  2  3  4 |
---------------+-------------+-----
Ranged Weapons | 5 |  5.3
Fighting       | 3 |  3.2
Armour         | 1 |  1.0
Dodging        | |  1.5
Stealth        | |  1.1

Action                     |  1- 3 |  4- 6 || total
---------------------------+-------+-------++-------
   Fire: Shortbow          |    86 |    81 ||   167
    Use: Scroll            |     2 |     2 ||     4
 Armour: Leather armour    |    32 |     9 ||    41
         Ring mail         |       |     9 ||     9
  Dodge: Dodged            |    33 |    22 ||    55

Table legend:
 A = Non-vault XP
 B = Vault XP
 C = Vault XP percentage of total XP
 D = Non-vault monster count
 E = Vault monster count
 F = Vault count percentage of total count
                 A         B        C        D         E       F
            +---------+---------+-------+---------+---------+-------
      Total |      84 |      48 |  36.4 |      38 |      10 |  20.8
            +---------+---------+-------+---------+---------+-------
        D:1 |      19 |       5 |  20.8 |      12 |       3 |  20.0
        D:2 |      52 |      35 |  40.2 |      21 |       1 |   4.5
        D:3 |      13 |       8 |  38.1 |       5 |       6 |  54.5
            +---------+---------+-------+---------+---------+-------
